 Dungeon Crawl Stone Soup version 0.18.1-8-gdd0e5ea (webtiles) character file.

151173 nikopol the Impaler (level 17, 0/151 HPs)
             Began as a Minotaur Berserker on June 3, 2016.
             Was the Champion of Trog.
             Killed from afar by a guardian serpent (2 damage)
             ... with a bolt of poison
             ... on level 2 of the Snake Pit on June 4, 2016.
             The game lasted 02:35:15 (36694 turns).

nikopol the Impaler (Minotaur Berserker)           Turns: 36694, Time: 02:35:16

Health: 0/151      AC: 28    Str: 30    XL:     17   Next: 0%
Magic:  9/16       EV: 17    Int:  4    God:    Trog [******]
Gold:   3096       SH:  3    Dex: 23    Spells: 0 memorised, 16 levels left

rFire  + . .     SeeInvis .     x - +9 halberd of Emyduzxan {chop, rF+ Str+8 Dex+2}
rCold  . . .     Gourm    .     g - +2 plate armour {rPois}
rNeg   . . .     Faith    .     (shield currently unavailable)
rPois  +         Spirit   .     e - +2 hat
rElec  .         Dismiss  .     G - +1 cloak
rCorr  .         Reflect  +     Y - +1 pair of gloves
SustAt .         Harm     .     U - +1 pair of boots
MR     +....                    S - +3 amulet of reflection
Stlth  ..........               k - ring of poison resistance
                                M - +4 ring of dexterity

@: lethally poisoned (0 -> -13), slowed, constricted, very slow, somewhat
resistant to hostile enchantments, extremely unstealthy
A: retaliatory headbutt, horns 2
a: Berserk, Trog's Hand, Brothers in Arms, Burn Spellbooks, Renounce Religion


You were on level 2 of the Snake Pit.
You worshipped Trog.
Trog was exalted by your worship.
You were not hungry.

You visited 4 branches of the dungeon, and saw 27 of its levels.
You also visited: Volcano.

You collected 3096 gold pieces.

Inventory:

Hand Weapons
 c - a +3 shortbow of freezing
 x - the +9 halberd of Emyduzxan (weapon) {chop, rF+ Str+8 Dex+2}
   (Trog gifted it to you on level 2 of the Orcish Mines)

   It inflicts extra damage upon your enemies.
   It affects your strength (+8).
   It affects your dexterity (+2).
   It protects you from fire.
 H - a +3 longbow of evasion
 R - a +6 antimagic glaive
Missiles
 D - 531 arrows
Armour
 e - a +2 hat (worn)
 g - a +2 plate armour of poison resistance (worn)
 o - the +4 leather armour of the Grue {rCorr MP-9 Str+8 Dex+2}
   (You found it on level 1 of the Lair of Beasts)

   It affects your strength (+8).
   It affects your dexterity (+2).
   It affects your magic capacity (-9).
   It protects you from acid and corrosion.
 G - a +1 cloak (worn)
 U - a +1 pair of boots (worn)
 Y - a +1 pair of gloves (worn)
Jewellery
 a - a +5 ring of evasion
 k - a ring of poison resistance (right hand)
 t - an uncursed ring of flight
 w - an uncursed ring of sustain attributes
 I - the amulet "Xiozxaw" {Dismiss -Tele rF++ Str+3 SInv}
   (You found it on level 3 of the Lair of Beasts)

   [amulet of dismissal]

   It may teleport away creatures that harm you.
   It affects your strength (+3).
   It greatly protects you from fire.
   It lets you see invisible.
   It prevents most forms of teleportation.
 J - an uncursed amulet of the gourmand
 M - a +4 ring of dexterity (left hand)
 S - a +3 amulet of reflection (around neck)
Wands
 b - a wand of lightning (12/15)
 K - a wand of iceblast (6/15)
 N - a wand of flame (31/48)
Scrolls
 d - 8 scrolls of identify
 i - 7 scrolls of enchant weapon
 p - 2 scrolls of enchant armour
 r - 8 scrolls of remove curse
 y - 3 scrolls of fear
 z - 6 scrolls of teleportation
 A - 6 scrolls of recharging
 Q - a scroll of fog
 T - 3 scrolls of magic mapping
 Z - 2 scrolls of holy word
Potions
 j - 2 potions of agility
 l - 3 potions of might
 m - 4 potions of brilliance
 q - 8 potions of curing
 C - 3 potions of flight
 F - 2 potions of berserk rage
 O - a potion of cure mutation
 P - 3 potions of heal wounds
 V - a potion of magic
 W - a potion of ambrosia
Comestibles
 f - 22 fruits
 h - 17 meat rations
 n - 12 royal jellies
 u - 3 beef jerkies
 v - 16 bread rations
 X - 2 slices of pizza


   Skills:
 + Level 13.9 Fighting
 * Level 18.7 Polearms
 * Level 15.7 Bows
 + Level 14.1 Armour
 + Level 13.3 Dodging


You had 16 spell levels left.
You didn't know any spells.

Dungeon Overview and Level Annotations

Branches:
Dungeon (15/15)            Temple (0/1) D:7            Lair (8/8) D:11
 Shoals (0/4) Lair:4        Snake (2/4) Lair:4        Slime (0/6) Lair:8
    Orc (2/2) D:9             Elf (0/3) Orc:2        Vaults (0/5) D:13
 Depths (0/5) D:15

Altars:
Ashenzari
Cheibriados
Kikubaaqudgha
Makhleb
Nemelex Xobeh
Pakellas
Qazlal
Sif Muna
Trog
Vehumet
Zin
Jiyva

Shops:
D:7 (   D:8 }   Orc:1 %   Orc:2 }(:(


Innate Abilities, Weirdness & Mutations

You reflexively headbutt those who attack you in melee.
You have a pair of horns on your head.


Message History

The naga constricts you. The naga spits poison at you.
The splash of poison reflects off an invisible shield around you!
The splash of poison hits the naga.
The naga appears unharmed.
The naga sharpshooter shoots a bolt.
The bolt hits you but does no damage. The naga hits you with a scimitar!
* * * LOW HITPOINT WARNING * * *
The mana viper bites you!
* * * LOW HITPOINT WARNING * * *
You feel your power leaking away.
The naga sharpshooter gestures wildly while chanting.
The naga sharpshooter magically shoots an arrow.
The arrow hits you.
* * * LOW HITPOINT WARNING * * *
The naga sharpshooter shoots a bolt.
The bolt hits you but does no damage.
The guardian serpent casts a spell at you.
The bolt of poison hits you!
You are lethally poisoned!
You resist.
You die...

# . #. .. #. ..
#####.#####.###
...$....(......
..(...NNN...#
......N@N...#
<.....SSN...#
.......N....#
....N>......#
.......(....#
..[....(.....#
...(...).......
#.((....#.#...#


You could see 4 naga sharpshooters, a salamander, a mana viper, a guardian
serpent and 3 nagas.

Vanquished Creatures
  An orc warlord (D:9)
  A frost giant (D:15)
  The ghost of simples the Severer, a journeyman FoFi of Qazlal (Lair:7)
  The ghost of Aksel the Covert, a journeyman OpAs of Okawaru (D:13)
  Maud (Lair:8)
  A salamander stormcaller (D:15)
  Azrael (D:12)
  7 hydras
  A naga warrior (Snake:1)
  Erica (Lair:2)
  4 catoblepae (Lair:8)
  3 anacondas
  A death knight (D:14)
  3 centaur warriors
  3 ogre magi
  15 death yaks (Lair:8)
  4 shock serpents (Snake:1)
  3 naga sharpshooters
  8 orc high priests
  Urug (D:11)
  A hell knight (Volcano)
  A skeletal warrior (D:13)
  A salamander mystic (D:15)
  2 unseen horrors
  8 orc knights
  2 naga ritualists (Snake:1)
  8 hill giants
  A lindwurm (Lair:7)
  A griffon (Lair:6)
  5 ugly things
  4 mana vipers (Snake:1)
  5 salamanders
  4 cyclopes
  3 manticores
  2 deep elf magi
  2 wolf spiders (D:15)
  7 elephants
  2 guardian serpents (Snake:1)
  5 naga magi (Snake:1)
  2 toenail golems (Volcano)
  The ghost of Thrillho the Slicer, a novice SpBe of Trog (D:8)
  10 black mambas
  3 gargoyles
  12 komodo dragons
  6 spiny frogs
  2 freezing wraiths (D:14)
  2 rime drakes
  4 yaktaurs
  An efreet (D:13)
  2 polar bears
  12 trolls
  8 two-headed ogres
  16 blink frogs
  5 slime creatures (D:12)
  2 boulder beetles
  3 wraiths
  A vampire (D:15)
  35 yaks
  A fire bat (Volcano)
  4 fire elementals (D:12)
  2 basilisks
  2 hungry ghosts
  4 vampire mosquitoes (D:14)
  13 hippogriffs
  2 mottled dragons
  4 wargs
  A soldier ant (D:12)
  21 water moccasins
  3 hell hounds
  6 nagas
  8 porcupines
  48 orc warriors
  2 eyes of draining
  4 ice beasts
  7 sky beasts
  4 phantoms
  5 wolves (Lair:5)
  16 ogres
  An ogre (shapeshifter) (D:15)
  5 necrophages
  10 centaurs
  19 crocodiles
  2 big kobolds (D:10)
  23 giant frogs
  2 wyvern zombies
  2 scorpions
  2 wyvern skeletons
  10 killer bees
  4 wights (D:8)
  5 howler monkeys
  8 crimson imps
  A centaur zombie (D:7)
  2 giant frog zombies
  A quasit (D:9)
  4 lava snakes (Volcano)
  3 giant frog skeletons
  7 hounds
  5 centaur skeletons
  25 orc priests
  4 jellies
  12 iguanas
  15 orc wizards
  A hell rat (Lair:3)
  10 worker ants
  7 sheep
  A hound zombie (D:5)
  3 gnolls (D:8)
  A worker ant zombie (D:11)
  15 adders
  100 river rats
  3 shadow imps
  11 oozes
  An adder skeleton (D:4)
  A worm (D:3)
  4 dart slugs
  5 giant geckos
  106 orcs
  2 ball pythons
  5 bats
  5 giant cockroaches
  7 hobgoblins
  4 jackals
  12 kobolds
  4 quokkas
  2 giant gecko zombies
  2 giant newts (D:3)
  6 goblins
  A jackal skeleton (D:7)
  A quokka skeleton (D:4)
  12 rats
  4 bushes (Lair:5)
  3 fungi
  3 plants
923 creatures vanquished.

Vanquished Creatures (collateral kills)
  Sonja (D:10)
  A yaktaur (D:13)
  An orc warrior (D:13)
  2 giant frog skeletons (D:13)
  An orc priest (D:13)
  A worker ant zombie (D:10)
7 creatures vanquished.

Vanquished Creatures (others)
  A centaur warrior (D:15)
  A yaktaur (D:13)
  19 fungi
  5 plants
26 creatures vanquished.

Grand Total: 956 creatures vanquished

Notes
Turn   | Place    | Note
--------------------------------------------------------------
     0 | D:1      | nikopol the Minotaur Berserker began the quest for the Orb.
     0 | D:1      | Reached XP level 1. HP: 19/19 MP: 0/0
   360 | D:1      | Reached XP level 2. HP: 27/27 MP: 1/1
   912 | D:2      | Reached XP level 3. HP: 27/33 MP: 2/2
   915 | D:2      | Reached skill level 4 in Polearms
  1155 | D:2      | Reached ** piety under Trog
  1579 | D:2      | Reached XP level 4. HP: 26/41 MP: 3/3
  2711 | D:3      | Reached *** piety under Trog
  2810 | D:3      | Reached XP level 5. HP: 47/47 MP: 4/4
  2948 | D:3      | Reached skill level 5 in Polearms
  3264 | D:4      | Reached skill level 5 in Fighting
  3264 | D:4      | Reached XP level 6. HP: 56/56 MP: 5/5
  3397 | D:4      | Reached skill level 6 in Polearms
  3496 | D:4      | Found a snail-covered altar of Cheibriados.
  3611 | D:4      | Found a burning altar of Makhleb.
  3866 | D:5      | Entered Level 5 of the Dungeon
  3869 | D:5      | Reached XP level 7. HP: 48/61 MP: 6/6
  4128 | D:5      | Reached skill level 7 in Polearms
  4128 | D:5      | Reached skill level 1 in Bows
  4128 | D:5      | Reached skill level 5 in Armour
  4128 | D:5      | Reached skill level 5 in Dodging
  4134 | D:5      | Reached **** piety under Trog
  4454 | D:5      | Found an oddly glowing altar of Pakellas.
  4658 | D:5      | Reached XP level 8. HP: 70/70 MP: 7/7
  5567 | D:6      | Found a radiant altar of Vehumet.
  5666 | D:6      | Reached skill level 8 in Polearms
  6058 | D:6      | Found a deep blue altar of Sif Muna.
  6183 | D:7      | Found Neeruxt's Weapon Shoppe.
  6231 | D:7      | Reached skill level 9 in Polearms
  6231 | D:7      | Reached XP level 9. HP: 53/78 MP: 8/8
  6357 | D:7      | Noticed an angel
  6408 | D:7      | Found a staircase to the Ecumenical Temple.
  6508 | D:7      | Noticed a rust devil
  6555 | D:7      | Reached ***** piety under Trog
  7075 | D:7      | Received a gift from Trog
  7550 | D:8      | Found Imel's Quality Used Wands.
  7585 | D:8      | Reached skill level 10 in Polearms
  8215 | D:8      | Noticed Thrillho's ghost (novice SpBe)
  8221 | D:8      | Killed Thrillho's ghost
  8221 | D:8      | Reached skill level 5 in Bows
  8221 | D:8      | Reached XP level 10. HP: 87/87 MP: 9/9
  8746 | D:9      | Found a staircase to the Orcish Mines.
  8769 | D:9      | Found a shattered altar of Ashenzari.
  9074 | D:9      | Reached skill level 11 in Polearms
  9100 | D:9      | Found a sparkling altar of Nemelex Xobeh.
  9103 | D:9      | Found a stormy altar of Qazlal.
  9504 | D:10     | Entered Level 10 of the Dungeon
  9588 | D:10     | Noticed a hill giant
  9599 | D:10     | Killed a hill giant
  9773 | D:10     | Noticed a hill giant
  9782 | D:10     | Killed a hill giant
  9789 | D:10     | Noticed a gargoyle
  9810 | D:10     | Killed a gargoyle
 10065 | D:10     | Received a gift from Trog
 10174 | D:10     | Received a gift from Trog
 10521 | D:10     | Reached skill level 12 in Polearms
 10806 | D:10     | Found an ancient bone altar of Kikubaaqudgha.
 10806 | D:10     | Noticed Sonja
 10822 | D:10     | Killed Sonja
 10822 | D:10     | Reached XP level 11. HP: 18/96 MP: 10/10
 11046 | D:10     | Identified a +1 rod of shadows (9/9) (You found it on level 2 of the Dungeon)
 11252 | D:11     | Noticed Urug
 11268 | D:11     | Killed Urug
 11937 | D:11     | Found a staircase to the Lair.
 12299 | D:11     | Noticed a hill giant
 12313 | D:11     | Killed a hill giant
 12467 | Lair:1   | Entered Level 1 of the Lair of Beasts
 12742 | Lair:1   | Received a gift from Trog
 13212 | Lair:1   | Received a gift from Trog
 13316 | Lair:1   | Got a polished leather armour
 13922 | Lair:2   | Noticed Erica
 13923 | Lair:2   | Noticed an eight-headed hydra
 13932 | Lair:2   | Killed an eight-headed hydra
 13938 | Lair:2   | Killed Erica
 13938 | Lair:2   | Reached skill level 13 in Polearms
 14314 | Lair:2   | Reached skill level 10 in Fighting
 14834 | Lair:3   | Got a clouded iron amulet
 14835 | Lair:3   | Identified the amulet "Xiozxaw" {Dismiss -Tele rF++ Str+3 SInv} (You found it on level 3 of the Lair of Beasts)
 16110 | Lair:4   | Found a staircase to the Shoals.
 16158 | Lair:4   | Found a staircase to the Snake Pit.
 16552 | Lair:4   | Received a gift from Trog
 16552 | Lair:4   | Reached XP level 12. HP: 106/106 MP: 3/11
 16800 | Lair:4   | Identified the +4 leather armour of the Grue {rCorr MP-9 Str+8 Dex+2} (You found it on level 1 of the Lair of Beasts)
 17039 | Lair:5   | Reached skill level 10 in Armour
 17443 | Lair:5   | Got an opal-studded leather armour
 17454 | Lair:5   | Identified the +2 leather armour of the Gravedigger {-Tele +Inv rElec} (You found it on level 5 of the Lair of Beasts)
 17538 | Lair:5   | Received a gift from Trog
 17557 | Lair:5   | Reached skill level 14 in Polearms
 17588 | Lair:5   | Reached skill level 10 in Dodging
 17733 | Lair:5   | Noticed an anaconda
 17742 | Lair:5   | Killed an anaconda
 17934 | Lair:5   | Reached skill level 10 in Bows
 18480 | Lair:6   | Received a gift from Trog
 19534 | Lair:7   | Noticed simples's ghost (journeyman FoFi)
 19547 | Lair:7   | Killed simples's ghost
 19547 | Lair:7   | Reached XP level 13. HP: 116/116 MP: 1/12
 19652 | Lair:7   | Found a dark tunnel.
 19670 | Volcano  | Entered a volcano
 19902 | Volcano  | Found a radiant altar of Vehumet.
 19945 | Volcano  | Found a bloodstained altar of Trog.
 20678 | Lair:7   | Received a gift from Trog
 21227 | Lair:8   | Entered Level 8 of the Lair of Beasts
 21229 | Lair:8   | Reached skill level 15 in Polearms
 21233 | Lair:8   | Received a gift from Trog
 21489 | Lair:8   | Found a staircase to the Slime Pits.
 21489 | Lair:8   | Found a viscous altar of Jiyva.
 21719 | Lair:8   | Noticed Maud
 21738 | Lair:8   | Killed Maud
 22280 | Lair:8   | Received a gift from Trog
 23045 | Lair:8   | Reached XP level 14. HP: 125/125 MP: 1/13
 23081 | Lair:8   | Reached skill level 16 in Polearms
 23987 | Lair:8   | Received a gift from Trog
 24576 | D:10     | Reached XP level 15. HP: 134/134 MP: 1/14
 24635 | Orc:1    | Entered Level 1 of the Orcish Mines
 24657 | Orc:1    | Noticed an orc warlord
 24688 | D:9      | Killed an orc warlord
 25402 | Orc:1    | Found Wyinyl Ugg's Food Shoppe.
 25502 | Orc:1    | Received a gift from Trog
 26037 | Orc:2    | Entered Level 2 of the Orcish Mines
 26037 | Orc:2    | Found a bloodstained altar of Trog.
 26177 | Orc:2    | Reached ****** piety under Trog
 26342 | Orc:2    | Received a gift from Trog
 26962 | Orc:2    | Reached skill level 17 in Polearms
 28122 | Orc:2    | Found Hoekliv's Gadget Shoppe.
 28125 | Orc:2    | Found Huilat's Weapon Shoppe.
 28128 | Orc:2    | Found Pukuemin's Book Emporium.
 28129 | Orc:2    | Found Otygocw's Antique Weapon Shoppe.
 28302 | Orc:2    | Found a staircase to the Elven Halls.
 28745 | Orc:2    | Got a polished halberd {god gift}
 28746 | Orc:2    | Identified the +9 halberd of Emyduzxan {chop, rF+ Str+8 Dex+2} (Trog gifted it to you on level 2 of the Orcish Mines)
 28952 | D:12     | Received a gift from Trog
 29496 | D:12     | Noticed Azrael
 29506 | D:12     | Killed Azrael
 29506 | D:12     | Reached XP level 16. HP: 143/143 MP: 6/15
 29912 | D:13     | Noticed Aksel's ghost (journeyman OpAs)
 29929 | D:13     | Killed Aksel's ghost
 30890 | D:13     | Received a gift from Trog
 30963 | D:13     | Got a faintly humming ring mail
 30976 | D:13     | Identified the +3 ring mail "Inothu Zong" {Int+4} (You found it on level 13 of the Dungeon)
 31381 | D:13     | Found a gate to the Vaults.
 32473 | D:14     | Reached skill level 18 in Polearms
 32776 | D:15     | Entered Level 15 of the Dungeon
 32800 | D:15     | Received a gift from Trog
 32800 | D:15     | Reached skill level 15 in Bows
 32880 | D:15     | HP: 7/144 [centaur warrior/arrow (5)]
 32887 | D:15     | HP: 5/144 [centaur warrior/arrow (11)]
 34785 | D:15     | Found a staircase to the Depths.
 35084 | Snake:1  | Entered Level 1 of the Snake Pit
 35217 | Snake:1  | Found a glowing silver altar of Zin.
 35618 | Snake:1  | Received a gift from Trog
 36126 | Snake:1  | Received a gift from Trog
 36691 | Snake:2  | Reached XP level 17. HP: 54/151 MP: 16/16
 36693 | Snake:2  | HP: 3/151 [naga sharpshooter/bolt (7)]
 36694 | Snake:2  | Killed from afar by a guardian serpent

Skill      XL: |  1  2  3  4  5  6  7  8  9 10 11 12 13 14 15 16 |
---------------+-------------------------------------------------+-----
Fighting       | 4 5 6 8 9 10 11 12 13 | 13.9
Polearms       | 4 5 6 7 9 10 12 13 14 15 16 17 18 | 18.7
Dodging        | 3 4 5 6 7 8 9 10 11 12 13 | 13.3
Armour         | 3 4 5 6 7 8 9 10 11 12 13 14 | 14.1
Bows           | 1 3 5 6 8 10 12 13 14 15 | 15.7

Action                   |  1- 3 |  4- 6 |  7- 9 | 10-12 | 13-15 | 16-18 || total
-------------------------+-------+-------+-------+-------+-------+-------++-------
Melee: Spear             |    82 |    81 |       |       |       |       ||   163
       Headbutt          |     9 |    35 |    60 |   195 |   213 |    50 ||   562
       Trident           |       |   105 |   315 |   598 |   495 |       ||  1513
       Halberd           |       |       |       |       |    28 |   228 ||   256
 Fire: Shortbow          |       |       |   176 |   537 |   801 |   400 ||  1914
       Longbow           |       |       |       |       |       |     3 ||     3
Invok: Burn Spellbooks   |       |     1 |     1 |     5 |     2 |     3 ||    12
       Berserk           |       |       |     4 |     4 |     6 |     3 ||    17
       Trog's Hand       |       |       |       |     2 |       |     1 ||     3
       Brothers in Arms  |       |       |       |     1 |       |     1 ||     2
  Use: Scroll            |       |       |       |    34 |     2 |     9 ||    45
       Potion            |       |       |       |     2 |     1 |     3 ||     6
 Stab: Sleeping          |     3 |     2 |       |       |       |     1 ||     6
       Distracted        |       |       |     1 |     1 |       |       ||     2
  Eat: Chunk             |     2 |     7 |    19 |    71 |   101 |    41 ||   241
       Beef jerky        |       |       |     1 |       |       |       ||     1
       Pizza             |       |       |       |     1 |       |       ||     1
Armor: Animal skin       |     2 |     9 |       |       |       |       ||    11
       Leather armour    |       |     4 |    25 |    38 |    55 |    11 ||   133
       Scale mail        |       |       |    14 |    43 |       |       ||    57
       Ring mail         |       |       |    12 |       |       |       ||    12
       Plate armour      |       |       |       |       |       |    45 ||    45
Dodge: Dodged            |    33 |    72 |   141 |   245 |   316 |   167 ||   974
Block: Other             |       |       |       |       |     9 |    24 ||    33
       Reflection        |       |       |       |       |     2 |    10 ||    12
